General information
- name: BNet
- type: Ladder team game (AT/RT)
- host: Battle.net
- saver: gonnagetfit9999
map: FullScaleAssault
- players: 8
- length: 32:40
- speed: Fast
- version: 1.27 W3XP
- replay type: Public
» download(217 KB)
Players
team 1 (loser)

»
FeioHuMaNo (
teal | 59 APM | 1926 actions | 32:40)
5 Death Knight
3 Death Coil
2 Unholy Aura
2 Lich
1 Frost Nova
1 Frost Armor
1 Blademaster
1 Critical Strike
» actions
| Assign group hotkey | 55 | |
| Basic commands | 47 | |
| Build / train | 99 | |
| ESC pressed | 1 | |
| Enter build submenu | 33 | |
| Enter hero's abilities submenu | 9 | |
| Give item / drop item | 8 | |
| Right click | 457 | |
| Select / deselect | 511 | |
| Select group hotkey | 581 | |
| Use ability | 125 | |
1926 total
» units
| Acolyte | 24 | |
| Ghoul | 9 | |
| Crypt Fiend | 15 | |
| Frost Wyrm | 9 | |
| Tauren | 3 | |
| Shaman | 3 | |
63 total
» upgrades
| Backpack | 1 | |
| Creature Attack | 2 | |
| Web | 1 | |
| Freezing Breath | 1 | |
5 total
» buildings
| Crypt | 1 | |
| Ziggurat | 18 | |
| Graveyard | 1 | |
| Altar of Darkness | 2 | |
| Tomb of Relics | 1 | |
| Halls of the Dead | 1 | |
| Black Citadel | 1 | |
| Sacrificial Pit | 1 | |
| Boneyard | 2 | |
| Spirit Tower | 5 | |
| Necropolis | 1 | |
| Nerubian Tower | 1 | |
35 total
» build order
00:09 Crypt
00:21 Ziggurat
00:47 Graveyard
01:00 Altar of Darkness
01:46 Tomb of Relics
02:01 Ziggurat
03:27 Ziggurat
05:32 Ziggurat
06:44 Halls of the Dead
07:09 Ziggurat
07:33 Ziggurat
08:12 Ziggurat
09:07 Black Citadel
09:09 Sacrificial Pit
09:54 Ziggurat
11:38 Boneyard
11:59 Boneyard
15:18 Ziggurat
24:52 Spirit Tower
24:53 Spirit Tower
24:58 Ziggurat
24:58 Ziggurat
25:07 Necropolis
25:40 Ziggurat
25:40 Ziggurat
25:57 Spirit Tower
25:59 Spirit Tower
26:38 Ziggurat
26:44 Spirit Tower
28:07 Ziggurat
28:08 Ziggurat
30:30 Ziggurat
30:33 Altar of Darkness
30:49 Nerubian Tower
» items
| Rod of Necromancy | 5 | |
| Potion of Healing | 4 | |
| Scroll of Town Portal | 1 | |
| Orb of Corruption | 1 | |
| Scroll of Regeneration | 2 | |
13 total

»
bowerman (
red | 59 APM | 943 actions | 16:01)
4 Blademaster
2 Wind Walk
2 Critical Strike
2 Tauren Chieftain
1 Endurance Aura
1 War Stomp
» actions
| Build / train | 54 | |
| Enter build submenu | 16 | |
| Enter hero's abilities submenu | 6 | |
| Give item / drop item | 1 | |
| Remove unit from queue | 1 | |
| Right click | 616 | |
| Select / deselect | 190 | |
| Use ability | 59 | |
943 total
» units
| Peon | 5 | |
| Grunt | 8 | |
| Tauren | 7 | |
| Shaman | 4 | |
24 total
» upgrades
| Melee Weapons | 2 | |
| Shaman Training | 2 | |
| Armor | 1 | |
| Pulverize | 1 | |
6 total
» buildings
| Altar of Storms | 1 | |
| Orc Burrow | 7 | |
| Barracks | 1 | |
| Voodoo Lounge | 1 | |
| War Mill | 1 | |
| Stronghold | 2 | |
| Fortress | 1 | |
| Spirit Lodge | 1 | |
| Tauren Totem | 2 | |
17 total
» build order
00:09 Altar of Storms
00:24 Orc Burrow
00:54 Barracks
01:11 Voodoo Lounge
01:38 War Mill
01:53 Orc Burrow
03:41 Stronghold
03:41 Stronghold
04:42 Orc Burrow
06:09 Fortress
06:14 Spirit Lodge
08:06 Orc Burrow
08:57 Tauren Totem
09:03 Tauren Totem
12:14 Orc Burrow
12:18 Orc Burrow
13:03 Orc Burrow
» items
| Healing Salve | 1 | |
| Lesser Clarity Potion | 1 | |
| Boots of Speed | 3 | |
| Orb of Lightning | 3 | |
| Potion of Healing | 1 | |
9 total
gonnagetfit9999 (
pink | 60 APM | 1969 actions | 32:40)
5 Blood Mage
3 Flame Strike
2 Siphon Mana
2 Pit Lord
1 Rain of Fire
1 Cleaving Attack
» actions
| Assign group hotkey | 42 | |
| Basic commands | 17 | |
| Build / train | 121 | |
| Enter build submenu | 52 | |
| Enter hero's abilities submenu | 8 | |
| Give item / drop item | 1 | |
| Remove unit from queue | 4 | |
| Right click | 932 | |
| Select / deselect | 395 | |
| Select group hotkey | 213 | |
| Use ability | 183 | |
1969 total
» units
| Peasant | 43 | |
| Goblin Shredder | 4 | |
| Mortar Team | 12 | |
| Sorceress | 7 | |
| Tauren | 1 | |
| Shaman | 1 | |
68 total
» upgrades
| Masonry | 1 | |
| Sorceress Training | 2 | |
| Flare | 1 | |
| Gunpowder | 3 | |
| Armor | 1 | |
| Fragmentation Shards | 1 | |
9 total
» buildings
| Lumber Mill | 2 | |
| Farm | 11 | |
| Altar of Kings | 1 | |
| Scout Tower | 31 | |
| Arcane Tower | 2 | |
| Town Hall | 4 | |
| Keep | 3 | |
| Arcane Vault | 1 | |
| Guard Tower | 10 | |
| Blacksmith | 1 | |
| Workshop | 4 | |
| Arcane Sanctum | 2 | |
| Castle | 3 | |
75 total
» build order
00:42 Lumber Mill
00:56 Lumber Mill
01:06 Farm
01:21 Altar of Kings
01:37 Farm
01:55 Scout Tower
02:24 Arcane Tower
02:27 Farm
02:56 Farm
03:21 Farm
04:34 Town Hall
06:32 Keep
06:32 Keep
06:44 Town Hall
06:49 Farm
07:04 Arcane Vault
07:08 Scout Tower
07:08 Scout Tower
07:15 Scout Tower
07:57 Guard Tower
08:02 Scout Tower
08:31 Scout Tower
08:32 Scout Tower
08:32 Scout Tower
08:32 Scout Tower
08:46 Scout Tower
08:47 Scout Tower
08:47 Scout Tower
08:50 Blacksmith
09:10 Farm
10:04 Workshop
10:35 Arcane Sanctum
11:06 Workshop
11:08 Workshop
12:13 Workshop
12:21 Farm
12:26 Arcane Sanctum
12:32 Farm
13:04 Farm
14:08 Farm
16:08 Castle
16:08 Castle
16:08 Castle
27:03 Town Hall
27:31 Town Hall
27:36 Scout Tower
27:36 Scout Tower
27:37 Scout Tower
27:37 Scout Tower
27:39 Scout Tower
27:40 Scout Tower
27:41 Scout Tower
27:43 Scout Tower
27:43 Scout Tower
27:43 Scout Tower
27:44 Scout Tower
27:44 Scout Tower
28:50 Guard Tower
28:52 Scout Tower
28:53 Scout Tower
28:53 Scout Tower
29:12 Guard Tower
29:22 Guard Tower
29:29 Guard Tower
29:30 Scout Tower
29:32 Scout Tower
30:16 Guard Tower
30:45 Guard Tower
31:22 Guard Tower
31:23 Scout Tower
31:25 Scout Tower
32:03 Guard Tower
32:03 Guard Tower
» items
| Scroll of Town Portal | 3 | |
| Potion of Healing | 1 | |
| Potion of Mana | 1 | |
5 total
sIlkworm (
blue | 54 APM | 1756 actions | 32:40)
4 Archmage
2 Summon Water Elemental
2 Brilliance Aura
3 Paladin
1 Divine Shield
2 Devotion Aura
2 Mountain King
1 Bash
1 Storm Bolt
» actions
| Basic commands | 74 | |
| Build / train | 130 | |
| Enter build submenu | 28 | |
| Enter hero's abilities submenu | 9 | |
| Give item / drop item | 1 | |
| Right click | 593 | |
| Select / deselect | 816 | |
| Use ability | 105 | |
1756 total
» units
| Peasant | 34 | |
| Priest | 6 | |
| Dragonhawk Rider | 10 | |
| Gryphon Rider | 5 | |
| Siege Engine | 1 | |
| Goblin Zeppelin | 1 | |
| Blue Dragon | 1 | |
| Blue Drake | 1 | |
| Blue Dragon Whelp | 1 | |
60 total
» upgrades
| Lumber Harvesting | 2 | |
| Priest Training | 2 | |
| Swords | 3 | |
| Armor | 3 | |
| Storm Hammers | 1 | |
| Cloud | 1 | |
| Magic Sentry | 1 | |
| Control Magic | 1 | |
| Sorceress Training | 2 | |
| Masonry | 2 | |
| Gunpowder | 3 | |
| Plating | 2 | |
| Barrage | 1 | |
| Fragmentation Shards | 1 | |
| Animal War Training | 1 | |
| Long Rifles | 1 | |
27 total
» buildings
| Altar of Kings | 1 | |
| Farm | 18 | |
| Lumber Mill | 1 | |
| Scout Tower | 11 | |
| Arcane Tower | 2 | |
| Town Hall | 3 | |
| Guard Tower | 7 | |
| Arcane Vault | 1 | |
| Keep | 3 | |
| Blacksmith | 1 | |
| Gryphon Aviary | 2 | |
| Arcane Sanctum | 2 | |
| Castle | 1 | |
| Workshop | 1 | |
| Barracks | 1 | |
55 total
» build order
00:15 Altar of Kings
00:21 Farm
00:32 Lumber Mill
00:58 Farm
01:17 Scout Tower
01:37 Farm
01:47 Arcane Tower
03:35 Town Hall
03:44 Scout Tower
04:07 Guard Tower
04:11 Scout Tower
04:13 Scout Tower
04:41 Arcane Tower
04:50 Guard Tower
04:56 Arcane Vault
05:14 Keep
05:22 Keep
06:16 Blacksmith
06:42 Farm
06:42 Farm
06:51 Farm
06:52 Farm
06:52 Farm
06:53 Farm
06:58 Scout Tower
06:59 Scout Tower
07:02 Scout Tower
07:03 Scout Tower
07:18 Scout Tower
07:20 Scout Tower
07:29 Guard Tower
07:44 Guard Tower
07:48 Guard Tower
08:00 Gryphon Aviary
08:02 Gryphon Aviary
08:20 Arcane Sanctum
08:21 Arcane Sanctum
08:47 Guard Tower
09:11 Farm
09:11 Farm
09:12 Farm
09:20 Guard Tower
09:44 Castle
10:05 Farm
10:05 Farm
10:06 Farm
10:08 Farm
10:11 Farm
22:51 Town Hall
23:42 Workshop
23:46 Barracks
26:53 Scout Tower
29:13 Town Hall
31:19 Keep
» items
| Scroll of Regeneration | 2 | |
| Lesser Clarity Potion | 2 | |
| Potion of Lesser Invulnerability | 2 | |
| Scroll of Town Portal | 6 | |
| Potion of Healing | 2 | |
| Orb of Fire | 1 | |
15 total
team 2 (winner)

»
popsurpuse (
yellow | 34 APM | 1120 actions | 32:40)
6 Blademaster
3 Critical Strike
2 Wind Walk
1 Bladestorm
6 Tauren Chieftain
2 War Stomp
3 Endurance Aura
1 Reincarnation
» actions
| Assign group hotkey | 9 | |
| Basic commands | 256 | |
| Build / train | 84 | |
| Enter build submenu | 20 | |
| Enter hero's abilities submenu | 12 | |
| Give item / drop item | 2 | |
| Remove unit from queue | 3 | |
| Right click | 343 | |
| Select / deselect | 254 | |
| Select group hotkey | 73 | |
| Use ability | 64 | |
1120 total
» units
| Peon | 15 | |
| Troll Headhunter/Berserker | 18 | |
| Shaman | 7 | |
| Tauren | 12 | |
52 total
» upgrades
| Shaman Training | 2 | |
| Pulverize | 1 | |
| Armor | 2 | |
5 total
» buildings
| Altar of Storms | 1 | |
| Orc Burrow | 8 | |
| Barracks | 1 | |
| War Mill | 2 | |
| Stronghold | 1 | |
| Voodoo Lounge | 1 | |
| Fortress | 2 | |
| Great Hall | 3 | |
| Spirit Lodge | 1 | |
| Tauren Totem | 2 | |
22 total
» build order
00:26 Altar of Storms
00:43 Orc Burrow
01:33 Barracks
01:37 War Mill
02:10 Orc Burrow
02:40 Stronghold
02:59 Voodoo Lounge
04:07 Orc Burrow
05:46 Fortress
05:47 Fortress
06:21 Great Hall
07:22 Spirit Lodge
09:05 Tauren Totem
09:10 Tauren Totem
10:40 Orc Burrow
10:50 Orc Burrow
11:39 Orc Burrow
17:29 Orc Burrow
21:15 Orc Burrow
25:43 Great Hall
25:51 Great Hall
30:45 War Mill
» items
| Healing Salve | 1 | |
| Orb of Lightning | 5 | |
| Scroll of Town Portal | 1 | |
7 total
powereffect (
green | 85 APM | 2772 actions | 32:40)
4 Archmage
2 Summon Water Elemental
2 Brilliance Aura
3 Mountain King
2 Storm Bolt
1 Thunder Clap
» actions
| Assign group hotkey | 32 | |
| Basic commands | 265 | |
| Build / train | 191 | |
| Enter build submenu | 33 | |
| Enter hero's abilities submenu | 7 | |
| Give item / drop item | 2 | |
| Right click | 1259 | |
| Select / deselect | 361 | |
| Select group hotkey | 374 | |
| Use ability | 248 | |
2772 total
» units
| Peasant | 17 | |
| Footman | 8 | |
| Goblin Shredder | 5 | |
| Siege Engine | 2 | |
| Flying Machine | 39 | |
| Mortar Team | 1 | |
72 total
» upgrades
| Lumber Harvesting | 1 | |
| Masonry | 1 | |
| Defend | 1 | |
| Gunpowder | 1 | |
| Plating | 1 | |
| Barrage | 1 | |
| Flak Cannons | 1 | |
7 total
» buildings
| Altar of Kings | 1 | |
| Barracks | 1 | |
| Farm | 11 | |
| Lumber Mill | 1 | |
| Scout Tower | 6 | |
| Arcane Tower | 8 | |
| Town Hall | 5 | |
| Arcane Vault | 1 | |
| Keep | 17 | |
| Guard Tower | 9 | |
| Blacksmith | 1 | |
| Workshop | 5 | |
| Castle | 14 | |
80 total
» build order
00:18 Altar of Kings
00:30 Barracks
00:40 Farm
00:50 Lumber Mill
01:56 Farm
02:11 Scout Tower
02:37 Arcane Tower
02:38 Arcane Tower
03:01 Farm
03:05 Farm
04:49 Town Hall
05:07 Arcane Vault
05:52 Keep
05:52 Keep
05:52 Keep
05:53 Keep
06:10 Scout Tower
06:12 Scout Tower
06:28 Farm
06:30 Farm
06:47 Guard Tower
06:47 Guard Tower
06:49 Scout Tower
07:23 Arcane Tower
07:23 Arcane Tower
07:23 Arcane Tower
07:26 Scout Tower
07:39 Keep
07:39 Keep
07:40 Keep
08:49 Guard Tower
08:49 Guard Tower
08:51 Scout Tower
09:10 Blacksmith
09:27 Farm
10:54 Workshop
10:57 Workshop
11:00 Workshop
11:22 Castle
11:22 Castle
11:22 Castle
11:23 Castle
12:01 Guard Tower
12:01 Guard Tower
12:01 Guard Tower
12:48 Farm
12:51 Farm
12:53 Farm
13:00 Farm
14:34 Workshop
14:37 Workshop
16:01 Town Hall
16:58 Keep
16:58 Keep
16:58 Keep
17:05 Town Hall
19:24 Castle
19:24 Castle
19:24 Castle
19:24 Castle
21:18 Town Hall
30:08 Town Hall
» items
| Scroll of Regeneration | 2 | |
| Boots of Speed | 1 | |
| Staff of Teleportation | 1 | |
| Potion of Healing | 3 | |
| Scroll of Town Portal | 4 | |
| Potion of Lesser Invulnerability | 1 | |
12 total

»
Ghandi (
purple | 58 APM | 1907 actions | 32:40)
7 Mountain King
3 Storm Bolt
3 Bash
1 Avatar
7 Demon Hunter
3 Evasion
3 Mana Burn
1 Metamorphosis
2 Archmage
1 Brilliance Aura
1 Summon Water Elemental
5 Keeper of the Grove
3 Entangling Roots
2 Thorns Aura
» actions
| Assign group hotkey | 42 | |
| Basic commands | 217 | |
| Build / train | 122 | |
| Enter build submenu | 38 | |
| Enter hero's abilities submenu | 21 | |
| Give item / drop item | 2 | |
| Remove unit from queue | 2 | |
| Right click | 384 | |
| Select / deselect | 416 | |
| Select group hotkey | 505 | |
| Use ability | 158 | |
1907 total
» units
| Peasant | 16 | |
| Footman | 5 | |
| Archer | 5 | |
| Wisp | 4 | |
| Sorceress | 6 | |
| Priest | 5 | |
| Dryad | 8 | |
| Druid of the Claw | 4 | |
| Spell Breaker | 4 | |
57 total
» upgrades
| Lumber Harvesting | 1 | |
| Sorceress Training | 2 | |
| Priest Training | 2 | |
| Strength of the Wild | 2 | |
| Abolish Magic | 1 | |
| Druid of the Claw Training | 2 | |
| Reinforced Hides | 3 | |
| Control Magic | 1 | |
| Mark of the Claw | 1 | |
15 total
» buildings
| Altar of Kings | 2 | |
| Farm | 24 | |
| Barracks | 1 | |
| Arcane Vault | 1 | |
| Keep | 1 | |
| Town Hall | 3 | |
| Moon Well | 9 | |
| Lumber Mill | 1 | |
| Arcane Sanctum | 3 | |
| Hunter's Hall | 1 | |
| Ancient of Lore | 3 | |
| Castle | 2 | |
| Tree of Eternity | 2 | |
| Tree of Life | 1 | |
54 total
» build order
00:18 Altar of Kings
00:34 Farm
00:48 Barracks
01:12 Farm
01:38 Arcane Vault
01:57 Farm
02:39 Farm
03:16 Keep
04:13 Town Hall
04:30 Moon Well
04:41 Farm
04:43 Farm
04:43 Farm
05:18 Lumber Mill
05:41 Arcane Sanctum
06:01 Hunter's Hall
06:15 Arcane Sanctum
07:18 Ancient of Lore
07:20 Ancient of Lore
07:25 Moon Well
07:42 Castle
07:42 Castle
08:15 Farm
08:21 Moon Well
08:26 Tree of Eternity
08:28 Ancient of Lore
09:06 Arcane Sanctum
10:25 Farm
10:26 Farm
10:26 Farm
12:57 Moon Well
14:40 Moon Well
14:52 Farm
17:17 Farm
17:24 Moon Well
19:37 Moon Well
22:21 Town Hall
25:35 Farm
25:36 Farm
25:36 Farm
25:36 Farm
25:37 Farm
25:37 Farm
25:37 Farm
25:38 Farm
25:38 Farm
25:38 Farm
25:39 Farm
25:42 Altar of Kings
26:30 Tree of Life
28:57 Moon Well
29:18 Town Hall
32:27 Moon Well
» items

»
ca1lm3QTE (
orange | 31 APM | 103 actions | 03:17)
» actions
| Assign group hotkey | 6 | |
| Basic commands | 8 | |
| Build / train | 14 | |
| Enter build submenu | 6 | |
| Enter hero's abilities submenu | 1 | |
| Remove unit from queue | 2 | |
| Right click | 23 | |
| Select / deselect | 35 | |
| Use ability | 8 | |
103 total
» units
» buildings
| Moon Well | 2 | |
| Altar of Elders | 1 | |
| Ancient of War | 2 | |
| Tree of Ages | 2 | |
7 total
» build order
00:54 Moon Well
01:07 Altar of Elders
01:23 Moon Well
02:49 Ancient of War
02:51 Ancient of War
02:59 Tree of Ages
02:59 Tree of Ages
Chat log
(01:14 / Allies) FeioHuMaNo: pink 100
(01:23 / Allies) gonnagetfit9999: fu bitch
(01:28 / Allies) FeioHuMaNo: 2 lumber ?
(01:34 / Allies) FeioHuMaNo: ok
(01:36 / Allies) FeioHuMaNo: sorry
(01:39 / Allies) FeioHuMaNo: paly he
(01:51 / Allies) gonnagetfit9999: what
(01:57 / Allies) FeioHuMaNo: sorry
(02:02 / Allies) gonnagetfit9999: no worries
(02:08 / Allies) gonnagetfit9999: sorry for being a tad rude
(02:12 / Allies) FeioHuMaNo: ok men sorry
(02:49 / Allies) gonnagetfit9999: teal if u straight tech to frost
(02:52 / Allies) gonnagetfit9999: ill feed u hard
(03:00 / Allies) gonnagetfit9999: but youll have to do it asap
(03:15 / Allies) gonnagetfit9999: start teching
(03:17 / Allies) gonnagetfit9999: teal ur down for 100 food frost asap?
(04:42 / Allies) gonnagetfit9999: actually red has a better tech
(04:44 / Allies) gonnagetfit9999: red ill feed u
(04:48 / Allies) gonnagetfit9999: ill grab the expos
(04:52 / Allies) gonnagetfit9999: go noob style masss wyv
(05:01 / Allies) bowerman: im good on that
(05:05 / Allies) bowerman: dont need feed
(07:20 / Allies) gonnagetfit9999: wooooooooood?
(07:37 / Allies) gonnagetfit9999: attack bottom now
(07:40 / Allies) gonnagetfit9999: they coming up top
(09:58 / Allies) bowerman: need wood
(10:55 / Allies) gonnagetfit9999: wood?
(11:39 / Allies) gonnagetfit9999: tower up
(12:01 / Allies) FeioHuMaNo: gold
(12:36 / Allies) gonnagetfit9999: hang on
(12:38 / Allies) gonnagetfit9999: going 100
(13:02 / Allies) FeioHuMaNo: gold
(13:24 / Allies) FeioHuMaNo: telll
(14:26 / Allies) gonnagetfit9999: kill greens main
(14:28 / Allies) gonnagetfit9999: ill target with morts
(14:29 / Allies) gonnagetfit9999: u guys cover
(14:30 / Allies) gonnagetfit9999: come
(14:32 / Allies) gonnagetfit9999: skip expos
(14:33 / Allies) gonnagetfit9999: go for main
(14:41 / Allies) gonnagetfit9999: my morts will destroy in 2 sec
(14:48 / Allies) gonnagetfit9999: lead red
(14:50 / Allies) gonnagetfit9999: gogogogoogog
(15:59 / Allies) bowerman: u suck
(18:54 / Allies) FeioHuMaNo: repair
(18:57 / Allies) gonnagetfit9999: gonna invis mort them
(18:58 / Allies) gonnagetfit9999: leave it
(19:02 / Allies) gonnagetfit9999: oh eyah
(19:39 / Allies) gonnagetfit9999: blue
(19:41 / Allies) FeioHuMaNo: go you
(19:42 / Allies) gonnagetfit9999: give me a tp pls
(19:44 / Allies) gonnagetfit9999: shop doesnt have
(22:12 / Allies) gonnagetfit9999: its ok
(22:14 / Allies) gonnagetfit9999: b
(22:52 / Allies) gonnagetfit9999: we will win on base race
(23:54 / Allies) sIlkworm: TP ALL
(24:23 / Allies) gonnagetfit9999: why tp
(24:26 / Allies) gonnagetfit9999: its a fucking base race
(24:35 / Allies) sIlkworm: don't be stupid
(24:48 / Allies) FeioHuMaNo: gold
(25:42 / Allies) FeioHuMaNo: gold
(26:39 / Allies) gonnagetfit9999: leave it
(26:40 / Allies) gonnagetfit9999: base race
(26:42 / Allies) gonnagetfit9999: base race
(27:26 / Allies) FeioHuMaNo: gold
(28:56 / Allies) gonnagetfit9999: hit and runs
(29:37 / Allies) gonnagetfit9999: definately should not have tpd to my base lol
(29:43 / Allies) gonnagetfit9999: o well
(30:06 / Allies) gonnagetfit9999: gold pls
(30:08 / Allies) gonnagetfit9999: im gonna mass tower
(31:37 / Allies) gonnagetfit9999: blue lol
(31:38 / Allies) gonnagetfit9999: nice
(32:07 / All) gonnagetfit9999: GGGGGGGGGGG
(32:20 / All) gonnagetfit9999: allies didnt realizee it was a base race lol
(32:25 / All) gonnagetfit9999: should never have fought u guys head on